Monarchs vs Harfangs
Created - 19 février 2014 at 23:12
Goals
|
| Monarchs |
4 |
0 |
1 |
5 |
| Harfangs |
0 |
0 |
2 |
2 |
|
Shots
|
| Monarchs |
23 |
6 |
4 |
33 |
| Harfangs |
11 |
8 |
12 |
31 |
|
1st period
1. Monarchs , Jonathan Matsumoto 10 (Zach Boychuk, Barry Tallackson) at 5:28
2. Monarchs , Jonathan Matsumoto 11 (Barry Tallackson, Zach Boychuk) at 9:51
3. Monarchs , Chris Clark 25 (Martin Sonnenberg, Patrik Berglund) at 14:04
4. Monarchs , Patrik Berglund 31 (Martin Sonnenberg) at 18:13
Penalties :
No Penalty
2nd period
No Goal
Penalties :
Peter Olvecky (BEA) for Fighting (Major) at 0:07, Chris Clark (MAN) for Fighting (Major) at 0:07, Barry Tallackson (MAN) for Goalie Interference (Minor) at 3:00, Jonathan Matsumoto (MAN) for Cross-checking (Minor) at 12:27, Colby Robak (MAN) for Hooking (Minor) at 15:16
3rd period
5. Harfangs , Petri Kontiola 21 (Pavel Vorobiev, Stefan Ruzicka) at 7:53
6. Harfangs , Pavel Vorobiev 29 (Andrew Orpik) at 9:06
7. Monarchs , Martin Sonnenberg 18 (T.J. Oshie, Patrik Berglund) at 19:49 (PP)
Penalties :
James Wisniewski (BEA) for Fighting (Major) at 0:12, Martin Sonnenberg (MAN) for Fighting (Major) at 0:12, Colby Robak (MAN) for High sticking (Minor) at 11:29, Colton Orr (MAN) for Delaying the game (Minor) at 15:10, Nick Holden (BEA) for Holding (Minor) at 19:27
Goalie Stats
Tyler Beskorowany (MAN), 29 saves from 31 shots - (0,935), W, 2-2-0, 60:00 minutes
Ray Emery (BEA), 28 saves from 33 shots - (0,848), L, 24-12-5, 60:00 minutes
Players Stats for Monarchs
Player Name G A P +/- PIM S H SB GA TA FO MP PP MP PK MP
------------------------------------------------------------------------------------
Alec Martinez 0 0 0 -1 0 0 0 0 0 0 0/0 10:10 0:00 5:52
Barry Tallackson 0 2 2 2 2 4 1 1 3 0 0/0 18:32 0:00 1:36
Bryan Bickell 0 0 0 0 0 2 0 0 0 0 0/0 15:05 0:14 2:34
Carl Hagelin 0 0 0 -1 0 0 0 0 0 0 0/0 5:15 0:00 0:00
Chris Clark 1 0 1 1 5 1 1 0 0 1 1/4 17:41 0:14 3:54
Colby Robak 0 0 0 1 4 0 1 0 0 1 0/0 12:43 0:00 0:00
Colton Orr 0 0 0 0 2 3 5 0 0 0 0/0 12:23 0:00 0:00
Daniel Tjarnqvist 0 0 0 1 0 5 0 1 1 0 0/0 22:12 0:00 5:52
Jamie McGinn 0 0 0 0 0 0 0 0 0 0 0/0 0:37 0:00 0:35
Jarret Stoll 0 0 0 0 0 1 5 0 0 0 3/5 15:46 0:14 3:08
Jonathan Matsumoto 2 0 2 2 2 7 0 1 1 0 6/10 16:20 0:00 0:00
Kevin Klein 0 0 0 0 0 1 0 1 0 0 0/0 25:23 0:22 4:02
Kevin Marshall 0 0 0 1 0 0 0 0 0 0 0/0 12:25 0:00 0:01
Martin Sonnenberg 1 2 3 1 5 2 4 0 1 0 0/1 17:37 0:08 3:08
Patrice Cormier 0 0 0 -1 0 0 0 1 0 2 3/4 10:19 0:00 4:55
Patrik Berglund 1 2 3 1 0 3 0 0 0 0 18/28 14:58 0:08 0:00
Slava Voynov 0 0 0 1 0 0 1 1 0 0 0/0 16:37 0:22 0:01
T.J. Oshie 0 1 1 -1 0 1 0 0 1 0 0/0 8:11 0:08 0:00
Travis Hamonic 0 0 0 1 0 2 1 1 0 0 0/0 20:59 0:00 4:02
Zach Boychuk 0 2 2 2 0 1 0 0 0 0 0/0 16:45 0:00 0:00
Players Stats for Harfangs
Player Name G A P +/- PIM S H SB GA TA FO MP PP MP PK MP
------------------------------------------------------------------------------------
Alex Killorn 0 0 0 -1 0 0 1 0 0 0 9/28 18:59 5:17 0:00
Alexandre Picard 0 0 0 -4 0 3 2 1 0 1 0/0 24:28 3:57 0:22
Andrew Orpik 0 1 1 -2 0 0 0 0 0 1 0/0 18:55 4:29 0:22
Angelo Esposito 0 0 0 0 0 0 0 0 0 0 0/0 10:51 3:49 0:00
Boyd Gordon 0 0 0 0 0 1 2 0 0 0 2/4 8:35 0:37 0:00
Dustin Jeffrey 0 0 0 0 0 0 2 0 0 1 0/0 15:10 1:10 0:00
James Wisniewski 0 0 0 0 5 4 0 1 0 1 0/0 23:46 5:58 0:00
Luca Caputi 0 0 0 -1 0 0 3 0 1 0 0/1 15:03 0:13 0:00
Matt Keith 0 0 0 -1 0 2 2 0 0 1 0/0 15:40 0:14 0:00
Michal Repik 0 0 0 0 0 0 1 0 1 1 0/0 7:09 0:00 0:00
Nick Holden 0 0 0 1 2 1 1 0 0 0 0/0 13:40 0:00 0:00
Pavel Vorobiev 1 1 2 0 0 3 1 1 1 0 1/2 19:14 4:21 0:22
Peter Olvecky 0 0 0 -1 5 6 2 0 0 0 1/1 16:52 4:23 0:00
Petri Kontiola 1 0 1 0 0 2 5 0 1 0 3/7 17:34 4:01 0:22
Sasha Pokulok 0 0 0 1 0 1 1 0 0 0 0/0 13:52 0:11 0:00
Stefan Ruzicka 0 1 1 -1 0 7 0 0 0 1 3/3 19:29 5:40 0:00
Stephane Da Costa 0 0 0 -1 0 1 1 0 0 0 2/6 15:01 0:00 0:00
Victor Bartley 0 0 0 0 0 0 0 2 0 0 0/0 25:17 5:15 0:00
3 Stars
1 - Patrik Berglund (MAN)
2 - Jonathan Matsumoto (MAN)
3 - Martin Sonnenberg (MAN)
Power Play
Monarchs - 1 on 1 Attempt(s) - 100,00%
Harfangs - 0 on 5 Attempt(s) - 0,00%
Penalty Kill
Monarchs - 5 on 5 Attempt(s) - 100,00%
- Score 0 goal in Penalty Kill
Harfangs - 0 on 1 Attempt(s) - 0,00%
- Score 0 goal in Penalty Kill
Official
Referees : Ciamaga Chris and McCauley Wes
Linesman : Bryan Pancich and Vaughan Rody
Game Notes
Peter Olvecky and Chris Clark fight to a draw at 0:07 of 2nd period
James Wisniewski beats up Martin Sonnenberg at 0:12 of 3rd period
Finance
Level 1 -- Attendance: 1623 (81,15%) -- Ticket Income 48 690 $
Level 2 -- Attendance: 816 (81,60%) -- Ticket Income 12 240 $
Total Attendance: 2439 (81,30%)
Total Ticket Income: 60 930 $
Other Income: 3 046 $
Total Income: 63 976 $
Monarchs
5 vs 5 Forward
Center Left Wing Right Wing Time % Phy DF OF
1 Patrik Berglund Martin Sonnenberg Chris Clark 45 1 2 2
2 Jarret Stoll Bryan Bickell Colton Orr 30 1 2 2
3 Jonathan Matsumoto Zach Boychuk Barry Tallackson 20 1 2 2
4 Patrice Cormier Carl Hagelin T.J. Oshie 5 1 2 2
5 vs 5 Defense
Defense Defense Time % Phy DF OF
1 Travis Hamonic Kevin Klein 40 1 2 2
2 Daniel Tjarnqvist Slava Voynov 30 1 2 2
3 Kevin Marshall Colby Robak 20 1 2 2
4 Alec Martinez Kevin Klein 10 1 2 2
PowerPlay Forward
Center Left Wing Right Wing Time % Phy DF OF
1 Patrik Berglund Martin Sonnenberg T.J. Oshie 60 1 2 2
2 Jarret Stoll Bryan Bickell Chris Clark 40 1 2 2
PowerPlay Defense
Defense Defense Time % Phy DF OF
1 Kevin Klein Slava Voynov 60 1 2 2
2 Alec Martinez Travis Hamonic 40 1 2 2
Penalty Kill 4 Players Forward
Center Wing Time % Phy DF OF
1 Patrice Cormier Chris Clark 60 1 2 2
2 Jarret Stoll Barry Tallackson 40 1 2 2
Penalty Kill 4 Players Defense
Defense Defense Time % Phy DF OF
1 Daniel Tjarnqvist Alec Martinez 60 1 2 2
2 Kevin Klein Travis Hamonic 40 1 2 2
Penalty Kill - 3 Players Forward
Forward Time % Phy DF OF
1 Jarret Stoll 60 1 2 2
2 Patrice Cormier 40 1 2 2
Penalty Kill - 3 Players Defense
Defense Defense Time % Phy DF OF
1 Daniel Tjarnqvist Kevin Klein 60 1 2 2
2 Kevin Marshall Travis Hamonic 40 1 2 2
4 vs 4 Forward
Center Wing Time % Phy DF OF
1 Patrik Berglund T.J. Oshie 60 1 2 2
2 Jarret Stoll Martin Sonnenberg 40 1 2 2
4 vs 4 Defense
Defense Defense Time % Phy DF OF
1 Kevin Klein Travis Hamonic 60 1 2 2
2 Slava Voynov Daniel Tjarnqvist 40 1 2 2
Last Minutes Offensive
Center Left Wing Right Wing Defense Defense
Patrik Berglund Martin Sonnenberg T.J. Oshie Kevin Klein Slava Voynov
Last Minutes Defensive
Center Left Wing Right Wing Defense Defense
Jarret Stoll Martin Sonnenberg Chris Clark Kevin Klein Travis Hamonic
Goaltenders
Starting : Tyler Beskorowany
Backup : Richard Bachman
Extra Forwards
Normal : T.J. Oshie, Barry Tallackson, Zach Boychuk - PP : Jonathan Matsumoto, Barry Tallackson - PK : Martin Sonnenberg
Extra Defensemen
Normal : Travis Hamonic, Kevin Marshall, Slava Voynov - PP : Kevin Marshall - PK : Kevin Marshall, Slava Voynov
Penalty Shots
Martin Sonnenberg, Jarret Stoll, Chris Clark, Jonathan Matsumoto, Barry Tallackson
Harfangs
5 vs 5 Forward
Center Left Wing Right Wing Time % Phy DF OF
1 Alex Killorn Peter Olvecky Stefan Ruzicka 40 1 2 2
2 Petri Kontiola Dustin Jeffrey Pavel Vorobiev 30 1 2 2
3 Stephane Da Costa Luca Caputi Matt Keith 20 1 2 2
4 Boyd Gordon Angelo Esposito Michal Repik 10 1 2 2
5 vs 5 Defense
Defense Defense Time % Phy DF OF
1 James Wisniewski Victor Bartley 40 1 2 2
2 Andrew Orpik Alexandre Picard 30 1 2 2
3 Sasha Pokulok Nick Holden 20 1 2 2
4 James Wisniewski Alexandre Picard 10 1 2 2
PowerPlay Forward
Center Left Wing Right Wing Time % Phy DF OF
1 Alex Killorn Peter Olvecky Stefan Ruzicka 60 1 2 2
2 Petri Kontiola Angelo Esposito Pavel Vorobiev 40 1 2 2
PowerPlay Defense
Defense Defense Time % Phy DF OF
1 James Wisniewski Victor Bartley 60 1 2 2
2 Alexandre Picard Andrew Orpik 40 1 2 2
Penalty Kill 4 Players Forward
Center Wing Time % Phy DF OF
1 Petri Kontiola Pavel Vorobiev 60 1 2 2
2 Boyd Gordon Peter Olvecky 40 1 2 2
Penalty Kill 4 Players Defense
Defense Defense Time % Phy DF OF
1 James Wisniewski Victor Bartley 60 1 2 2
2 Alexandre Picard Andrew Orpik 40 1 2 2
Penalty Kill - 3 Players Forward
Forward Time % Phy DF OF
1 Petri Kontiola 60 1 2 2
2 Boyd Gordon 40 1 2 2
Penalty Kill - 3 Players Defense
Defense Defense Time % Phy DF OF
1 James Wisniewski Victor Bartley 60 1 2 2
2 Alexandre Picard Andrew Orpik 40 1 2 2
4 vs 4 Forward
Center Wing Time % Phy DF OF
1 Alex Killorn Stefan Ruzicka 60 1 2 2
2 Petri Kontiola Pavel Vorobiev 40 1 2 2
4 vs 4 Defense
Defense Defense Time % Phy DF OF
1 James Wisniewski Victor Bartley 60 1 2 2
2 Alexandre Picard Andrew Orpik 40 1 2 2
Last Minutes Offensive
Center Left Wing Right Wing Defense Defense
Petri Kontiola Peter Olvecky Stefan Ruzicka James Wisniewski Sasha Pokulok
Last Minutes Defensive
Center Left Wing Right Wing Defense Defense
Boyd Gordon Peter Olvecky Pavel Vorobiev James Wisniewski Sasha Pokulok
Goaltenders
Starting : Ray Emery
Backup : Marek Schwarz
Extra Forwards
Normal : Pavel Vorobiev, Stefan Ruzicka, Alex Killorn - PP : Pavel Vorobiev, Stefan Ruzicka - PK : Pavel Vorobiev
Extra Defensemen
Normal : James Wisniewski, Alexandre Picard, Victor Bartley - PP : James Wisniewski - PK : James Wisniewski, Alexandre Picard
Penalty Shots
Pavel Vorobiev, Boyd Gordon, Matt Keith, James Wisniewski, Petri Kontiola
% Time on Ice - Monarchs
Lines # - Real PCT - Wanted PCT - Time Play
Normal Forward
1 - 32% - 45% - 15:55
2 - 25% - 30% - 12:22
3 - 33% - 20% - 16:11
4 - 11% - 5% - 5:15
Normal Defense
1 - 32% - 40% - 15:41
2 - 36% - 30% - 17:46
3 - 25% - 20% - 12:14
4 - 8% - 10% - 4:02
PP Forward
1 - 36% - 60% - 0:08
2 - 64% - 40% - 0:14
PP Defense
1 - 100% - 60% - 0:22
2 - 0% - 40% - 0:00
PK Forward
1 - 84% - 60% - 8:19
2 - 16% - 40% - 1:36
PK Defense
1 - 59% - 60% - 5:53
2 - 41% - 40% - 4:02
PK3 Forward
1 - 0% - 60%
2 - 0% - 40%
PK3 Defense
1 - 0% - 60%
2 - 0% - 40%
44 Forward
1 - 0% - 60%
2 - 0% - 40%
44 Defense
1 - 0% - 60%
2 - 0% - 40%
Last Minute Offensive - 0:00
Last Minute Defensive - 0:00
Total
Forward - 60:00
Defense - 60:00
|
% Time on Ice - Harfangs
Lines # - Real PCT - Wanted PCT - Time Play
Normal Forward
1 - 28% - 40% - 13:42
2 - 28% - 30% - 14:02
3 - 30% - 20% - 14:50
4 - 14% - 10% - 7:09
Normal Defense
1 - 40% - 40% - 20:02
2 - 25% - 30% - 12:15
3 - 31% - 20% - 15:30
4 - 4% - 10% - 1:56
PP Forward
1 - 59% - 60% - 5:54
2 - 41% - 40% - 4:01
PP Defense
1 - 60% - 60% - 5:58
2 - 40% - 40% - 3:57
PK Forward
1 - 100% - 60% - 0:22
2 - 0% - 40% - 0:00
PK Defense
1 - 0% - 60% - 0:00
2 - 100% - 40% - 0:22
PK3 Forward
1 - 0% - 60%
2 - 0% - 40%
PK3 Defense
1 - 0% - 60%
2 - 0% - 40%
44 Forward
1 - 0% - 60%
2 - 0% - 40%
44 Defense
1 - 0% - 60%
2 - 0% - 40%
Last Minute Offensive - 0:00
Last Minute Defensive - 0:00
Total
Forward - 60:00
Defense - 60:00
|
Play by Play
1st period
0:01 of 1st period - Alex Killorn wins face-off versus Patrik Berglund in neutral zone.
0:03 of 1st period - Off-side.
0:04 of 1st period - Chris Clark wins face-off versus Alex Killorn in neutral zone.
0:37 of 1st period - Off-side.
0:38 of 1st period - Jonathan Matsumoto wins face-off versus Luca Caputi in neutral zone.
0:46 of 1st period - Off-side.
0:47 of 1st period - Jonathan Matsumoto wins face-off versus Stephane Da Costa in neutral zone.
0:53 of 1st period - Off-side.
0:54 of 1st period - Jarret Stoll wins face-off versus Boyd Gordon in neutral zone.
0:56 of 1st period - Off-side.
0:57 of 1st period - Boyd Gordon wins face-off versus Jarret Stoll in neutral zone.
1:25 of 1st period - Wrist shot by Michal Repik.
1:25 of 1st period - Shot Misses the Net.
1:33 of 1st period - Snap shot by Jarret Stoll.
1:33 of 1st period - Stopped by Ray Emery with a rebound.
1:39 of 1st period - Snap shot by Jarret Stoll.
1:39 of 1st period - Shot Misses the Net.
2:00 of 1st period - Wrist shot by Colton Orr.
2:00 of 1st period - Stopped by Ray Emery with a rebound.
2:07 of 1st period - Icing by Sasha Pokulok.
2:08 of 1st period - Boyd Gordon wins face-off versus Patrik Berglund in Harfangs zone.
2:13 of 1st period - Snap shot by Patrik Berglund.
2:13 of 1st period - Shot Misses the Net.
2:15 of 1st period - Snap shot by Daniel Tjarnqvist.
2:15 of 1st period - Stopped by Ray Emery with a rebound.
2:17 of 1st period - Slapshot by Daniel Tjarnqvist.
2:17 of 1st period - Stopped by Ray Emery with a rebound.
2:19 of 1st period - Slapshot by Chris Clark.
2:19 of 1st period - Shot Misses the Net.
2:43 of 1st period - Slapshot by Daniel Tjarnqvist.
2:43 of 1st period - Shot Misses the Net.
3:20 of 1st period - Chris Clark is hit by Luca Caputi and loses puck.
4:39 of 1st period - Icing by Barry Tallackson.
4:40 of 1st period - Stefan Ruzicka wins face-off versus Jonathan Matsumoto in Monarchs zone.
4:45 of 1st period - Wrist shot by Petri Kontiola.
4:45 of 1st period - Stopped by Tyler Beskorowany with a rebound.
4:59 of 1st period - Alec Martinez is hit by Luca Caputi and loses puck.
5:22 of 1st period - Snap shot by Barry Tallackson.
5:22 of 1st period - Stopped by Ray Emery with a rebound.
5:24 of 1st period - Slapshot by Jonathan Matsumoto.
5:24 of 1st period - Shot Misses the Net.
5:26 of 1st period - Snap shot by Zach Boychuk.
5:26 of 1st period - Shot Blocked by Alexandre Picard.
5:28 of 1st period - Snap shot by Jonathan Matsumoto.
5:28 of 1st period - Goal by Jonathan Matsumoto - Monarchs : 1 - Harfangs : 0.
5:29 of 1st period - Patrik Berglund wins face-off versus Alex Killorn in neutral zone.
5:32 of 1st period - Slapshot by Chris Clark.
5:32 of 1st period - Shot Misses the Net.
5:54 of 1st period - James Wisniewski is hit by Colton Orr and loses puck.
6:17 of 1st period - Slapshot by Stephane Da Costa.
6:17 of 1st period - Shot Blocked by Patrice Cormier.
6:19 of 1st period - Slapshot by Matt Keith.
6:19 of 1st period - Stopped by Tyler Beskorowany without a rebound.
6:20 of 1st period - Patrik Berglund wins face-off versus Stephane Da Costa in Monarchs zone.
6:52 of 1st period - Slapshot by Matt Keith.
6:52 of 1st period - Shot Misses the Net.
6:54 of 1st period - Snap shot by Matt Keith.
6:54 of 1st period - Stopped by Tyler Beskorowany with a rebound.
7:36 of 1st period - Kevin Klein is hit by Petri Kontiola and loses puck.
7:53 of 1st period - Slapshot by Jonathan Matsumoto.
7:53 of 1st period - Stopped by Ray Emery without a rebound.
7:54 of 1st period - Jonathan Matsumoto wins face-off versus Alex Killorn in Harfangs zone.
7:59 of 1st period - Snap shot by Barry Tallackson.
7:59 of 1st period - Shot Misses the Net.
8:32 of 1st period - Snap shot by Jonathan Matsumoto.
8:32 of 1st period - Stopped by Ray Emery with a rebound.
8:34 of 1st period - Slapshot by Daniel Tjarnqvist.
8:34 of 1st period - Stopped by Ray Emery with a rebound.
9:04 of 1st period - Wrist shot by Barry Tallackson.
9:04 of 1st period - Stopped by Ray Emery with a rebound.
9:20 of 1st period - Petri Kontiola is hit by Colby Robak and loses puck.
9:39 of 1st period - Snap shot by Jonathan Matsumoto.
9:39 of 1st period - Shot Blocked by Pavel Vorobiev.
9:51 of 1st period - Slapshot by Jonathan Matsumoto.
9:51 of 1st period - Deflect By Pavel Vorobiev.
9:51 of 1st period - Goal by Jonathan Matsumoto - Monarchs : 2 - Harfangs : 0.
9:52 of 1st period - Patrik Berglund wins face-off versus Alex Killorn in neutral zone.
9:54 of 1st period - Off-side.
9:55 of 1st period - Peter Olvecky wins face-off versus Patrik Berglund in neutral zone.
9:58 of 1st period - Wrist shot by Stefan Ruzicka.
9:58 of 1st period - Stopped by Tyler Beskorowany with a rebound.
10:00 of 1st period - Snap shot by Peter Olvecky.
10:00 of 1st period - Deflect By Stefan Ruzicka.
10:00 of 1st period - Stopped by Tyler Beskorowany with a rebound.
10:02 of 1st period - Wrist shot by Peter Olvecky.
10:02 of 1st period - Shot Misses the Net.
10:04 of 1st period - Snap shot by Peter Olvecky.
10:04 of 1st period - Shot Misses the Net.
10:06 of 1st period - Snap shot by James Wisniewski.
10:06 of 1st period - Stopped by Tyler Beskorowany with a rebound.
10:08 of 1st period - Snap shot by Peter Olvecky.
10:08 of 1st period - Stopped by Tyler Beskorowany without a rebound.
10:09 of 1st period - Alex Killorn wins face-off versus Patrik Berglund in Monarchs zone.
10:22 of 1st period - Wrist shot by Patrik Berglund.
10:22 of 1st period - Stopped by Ray Emery without a rebound.
10:23 of 1st period - Alex Killorn wins face-off versus Patrik Berglund in Harfangs zone.
10:53 of 1st period - Slapshot by Daniel Tjarnqvist.
10:53 of 1st period - Stopped by Ray Emery with a rebound.
10:55 of 1st period - Slapshot by Daniel Tjarnqvist.
10:55 of 1st period - Stopped by Ray Emery without a rebound.
10:56 of 1st period - Patrik Berglund wins face-off versus Pavel Vorobiev in Harfangs zone.
11:05 of 1st period - Wrist shot by Martin Sonnenberg.
11:05 of 1st period - Shot Misses the Net.
12:03 of 1st period - Kevin Klein is hit by Boyd Gordon and loses puck.
12:16 of 1st period - Slapshot by Alexandre Picard.
12:16 of 1st period - Stopped by Tyler Beskorowany with a rebound.
12:47 of 1st period - Icing by Kevin Klein.
12:48 of 1st period - Alex Killorn wins face-off versus Jonathan Matsumoto in Monarchs zone.
13:03 of 1st period - Slapshot by Kevin Klein.
13:03 of 1st period - Deflect By Jonathan Matsumoto.
13:03 of 1st period - Stopped by Ray Emery with a rebound.
13:05 of 1st period - Wrist shot by Barry Tallackson.
13:05 of 1st period - Shot Misses the Net.
13:07 of 1st period - Slapshot by Travis Hamonic.
13:07 of 1st period - Stopped by Ray Emery with a rebound.
13:09 of 1st period - Slapshot by Travis Hamonic.
13:09 of 1st period - Stopped by Ray Emery with a rebound.
13:19 of 1st period - Wrist shot by Jonathan Matsumoto.
13:19 of 1st period - Shot Misses the Net.
13:56 of 1st period - Snap shot by Jonathan Matsumoto.
13:56 of 1st period - Stopped by Ray Emery with a rebound.
13:58 of 1st period - Wrist shot by Jonathan Matsumoto.
13:58 of 1st period - Shot Misses the Net.
14:00 of 1st period - Snap shot by Barry Tallackson.
14:00 of 1st period - Stopped by Ray Emery without a rebound.
14:01 of 1st period - Patrik Berglund wins face-off versus Petri Kontiola in Harfangs zone.
14:04 of 1st period - Wrist shot by Chris Clark.
14:04 of 1st period - Goal by Chris Clark - Monarchs : 3 - Harfangs : 0.
14:05 of 1st period - Petri Kontiola wins face-off versus Patrik Berglund in neutral zone.
14:31 of 1st period - Andrew Orpik is hit by Jarret Stoll and loses puck.
14:52 of 1st period - Daniel Tjarnqvist is hit by Boyd Gordon and loses puck.
15:57 of 1st period - Sasha Pokulok is hit by Barry Tallackson and loses puck.
16:16 of 1st period - Snap shot by Boyd Gordon.
16:16 of 1st period - Shot Misses the Net.
16:45 of 1st period - Snap shot by Martin Sonnenberg.
16:45 of 1st period - Shot Misses the Net.
16:47 of 1st period - Snap shot by Travis Hamonic.
16:47 of 1st period - Shot Misses the Net.
16:49 of 1st period - Slapshot by Travis Hamonic.
16:49 of 1st period - Shot Misses the Net.
17:10 of 1st period - Snap shot by Pavel Vorobiev.
17:10 of 1st period - Stopped by Tyler Beskorowany without a rebound.
17:11 of 1st period - Stephane Da Costa wins face-off versus Patrik Berglund in Monarchs zone.
17:12 of 1st period - Snap shot by James Wisniewski.
17:12 of 1st period - Stopped by Tyler Beskorowany with a rebound.
17:27 of 1st period - Slapshot by Martin Sonnenberg.
17:27 of 1st period - Shot Misses the Net.
17:57 of 1st period - Daniel Tjarnqvist is hit by Alex Killorn and loses puck.
18:02 of 1st period - Snap shot by Peter Olvecky.
18:02 of 1st period - Stopped by Tyler Beskorowany without a rebound.
18:03 of 1st period - Patrik Berglund wins face-off versus Alex Killorn in Monarchs zone.
18:03 of 1st period - Patrik Berglund is hit by Peter Olvecky.
18:13 of 1st period - Wrist shot by Patrik Berglund.
18:13 of 1st period - Goal by Patrik Berglund - Monarchs : 4 - Harfangs : 0.
18:14 of 1st period - Patrik Berglund wins face-off versus Alex Killorn in neutral zone.
18:39 of 1st period - Dustin Jeffrey is hit by Colton Orr and loses puck.
18:50 of 1st period - Pavel Vorobiev is hit by Colton Orr and loses puck.
19:03 of 1st period - Slapshot by Jonathan Matsumoto.
19:03 of 1st period - Stopped by Ray Emery without a rebound.
19:04 of 1st period - Jonathan Matsumoto wins face-off versus Alex Killorn in Harfangs zone.
19:35 of 1st period - Slapshot by Martin Sonnenberg.
19:35 of 1st period - Stopped by Ray Emery without a rebound.
19:36 of 1st period - Patrik Berglund wins face-off versus Alex Killorn in Harfangs zone.
Goals for this period are 4 for Monarchs vs 0 for Harfangs.
Shots for this period are 23 for Monarchs vs 11 for Harfangs.
2nd period
0:01 of 2nd period - Alex Killorn wins face-off versus Patrik Berglund in neutral zone.
0:07 of 2nd period - Peter Olvecky and Chris Clark fight to a draw.
0:07 of 2nd period - Penalty to Peter Olvecky for Fighting.
0:07 of 2nd period - Penalty to Chris Clark for Fighting.
0:08 of 2nd period - Patrik Berglund wins face-off versus Alex Killorn in Monarchs zone.
0:33 of 2nd period - Matt Keith is hit by Jarret Stoll and loses puck.
0:38 of 2nd period - Wrist shot by Colton Orr.
0:38 of 2nd period - Stopped by Ray Emery without a rebound.
0:39 of 2nd period - Jarret Stoll wins face-off versus Petri Kontiola in Harfangs zone.
0:54 of 2nd period - Slapshot by Pavel Vorobiev.
0:54 of 2nd period - Stopped by Tyler Beskorowany without a rebound.
0:55 of 2nd period - Patrik Berglund wins face-off versus Alex Killorn in Monarchs zone.
1:04 of 2nd period - Wrist shot by Patrik Berglund.
1:04 of 2nd period - Stopped by Ray Emery with a rebound.
1:20 of 2nd period - Stephane Da Costa is hit by Travis Hamonic.
1:30 of 2nd period - Snap shot by Jarret Stoll.
1:30 of 2nd period - Shot Blocked by Victor Bartley.
1:35 of 2nd period - Icing by Stephane Da Costa.
1:36 of 2nd period - Stephane Da Costa wins face-off versus Patrik Berglund in Harfangs zone.
1:43 of 2nd period - Wrist shot by James Wisniewski.
1:43 of 2nd period - Stopped by Tyler Beskorowany without a rebound.
1:44 of 2nd period - Patrik Berglund wins face-off versus Alex Killorn in Monarchs zone.
2:46 of 2nd period - Icing by Daniel Tjarnqvist.
2:47 of 2nd period - Petri Kontiola wins face-off versus Jonathan Matsumoto in Monarchs zone.
2:58 of 2nd period - Slapshot by Stefan Ruzicka.
2:58 of 2nd period - Shot Blocked by Barry Tallackson.
3:00 of 2nd period - Minor Penalty to Barry Tallackson for Goalie Interference.
3:01 of 2nd period - Patrice Cormier wins face-off versus Alex Killorn in Monarchs zone.
3:41 of 2nd period - Alex Killorn is hit by Jarret Stoll and loses puck.
3:54 of 2nd period - Jarret Stoll is hit by Pavel Vorobiev and loses puck.
5:00 of 2nd period - Penalty to Barry Tallackson is over, Barry Tallackson is back on ice.
5:38 of 2nd period - Patrice Cormier is hit by Nick Holden and loses puck.
7:09 of 2nd period - Kevin Marshall is hit by Peter Olvecky and loses puck.
7:42 of 2nd period - Victor Bartley is hit by Jarret Stoll and loses puck.
8:08 of 2nd period - Patrik Berglund is hit by Sasha Pokulok and loses puck.
8:48 of 2nd period - Patrice Cormier is hit by Michal Repik and loses puck.
9:01 of 2nd period - Slapshot by Stephane Da Costa.
9:01 of 2nd period - Stopped by Tyler Beskorowany with a rebound.
9:17 of 2nd period - Icing by Luca Caputi.
9:18 of 2nd period - Patrik Berglund wins face-off versus Stephane Da Costa in Harfangs zone.
9:19 of 2nd period - Wrist shot by Martin Sonnenberg.
9:19 of 2nd period - Deflect By T.J. Oshie.
9:19 of 2nd period - Stopped by Ray Emery with a rebound.
9:55 of 2nd period - Off-side.
9:56 of 2nd period - Patrik Berglund wins face-off versus Petri Kontiola in neutral zone.
9:59 of 2nd period - Snap shot by Kevin Klein.
9:59 of 2nd period - Stopped by Ray Emery with a rebound.
11:01 of 2nd period - Slapshot by Pavel Vorobiev.
11:01 of 2nd period - Shot Blocked by Slava Voynov.
12:05 of 2nd period - Off-side.
12:06 of 2nd period - Jonathan Matsumoto wins face-off versus Boyd Gordon in neutral zone.
12:27 of 2nd period - Minor Penalty to Jonathan Matsumoto for Cross-checking.
12:28 of 2nd period - Stefan Ruzicka wins face-off versus Chris Clark in Monarchs zone.
12:35 of 2nd period - Snap shot by Peter Olvecky.
12:35 of 2nd period - Deflect By Daniel Tjarnqvist.
12:35 of 2nd period - Stopped by Tyler Beskorowany with a rebound.
12:59 of 2nd period - Daniel Tjarnqvist is hit by Petri Kontiola and loses puck.
14:27 of 2nd period - Penalty to Jonathan Matsumoto is over, Jonathan Matsumoto is back on ice.
14:36 of 2nd period - Off-side.
14:37 of 2nd period - Jonathan Matsumoto wins face-off versus Stephane Da Costa in neutral zone.
14:42 of 2nd period - Snap shot by Barry Tallackson.
14:42 of 2nd period - Stopped by Ray Emery with a rebound.
15:02 of 2nd period - Nick Holden is hit by Colton Orr and loses puck.
15:16 of 2nd period - Minor Penalty to Colby Robak for Hooking.
15:17 of 2nd period - Stefan Ruzicka wins face-off versus Chris Clark in Monarchs zone.
15:20 of 2nd period - Snap shot by Stefan Ruzicka.
15:20 of 2nd period - Stopped by Tyler Beskorowany with a rebound.
15:24 of 2nd period - Snap shot by Peter Olvecky.
15:24 of 2nd period - Stopped by Tyler Beskorowany with a rebound.
15:26 of 2nd period - Snap shot by Peter Olvecky.
15:26 of 2nd period - Stopped by Tyler Beskorowany with a rebound.
15:28 of 2nd period - Slapshot by James Wisniewski.
15:28 of 2nd period - Shot Blocked by Daniel Tjarnqvist.
15:30 of 2nd period - Snap shot by James Wisniewski.
15:30 of 2nd period - Stopped by Tyler Beskorowany with a rebound.
15:32 of 2nd period - Slapshot by Stefan Ruzicka.
15:32 of 2nd period - Deflect By Daniel Tjarnqvist.
15:32 of 2nd period - Shot Misses the Net.
15:32 of 2nd period - Puck is out of play.
15:33 of 2nd period - Patrice Cormier wins face-off versus Alex Killorn in Monarchs zone.
17:05 of 2nd period - James Wisniewski is hit by Martin Sonnenberg and loses puck.
17:16 of 2nd period - Penalty to Colby Robak is over, Colby Robak is back on ice.
17:24 of 2nd period - Kevin Klein is hit by Matt Keith and loses puck.
18:42 of 2nd period - James Wisniewski is hit by Martin Sonnenberg and loses puck.
19:21 of 2nd period - Snap shot by Nick Holden.
19:21 of 2nd period - Deflect By Pavel Vorobiev.
19:21 of 2nd period - Shot Misses the Net.
19:21 of 2nd period - Puck is out of play.
19:22 of 2nd period - Pavel Vorobiev wins face-off versus Jonathan Matsumoto in Monarchs zone.
19:36 of 2nd period - Snap shot by Zach Boychuk.
19:36 of 2nd period - Stopped by Ray Emery with a rebound.
Goals for this period are 0 for Monarchs vs 0 for Harfangs.
Shots for this period are 6 for Monarchs vs 8 for Harfangs.
3rd period
0:01 of 3rd period - Patrik Berglund wins face-off versus Alex Killorn in neutral zone.
0:12 of 3rd period - James Wisniewski beats up Martin Sonnenberg.
0:12 of 3rd period - Penalty to James Wisniewski for Fighting.
0:12 of 3rd period - Penalty to Martin Sonnenberg for Fighting.
0:13 of 3rd period - Patrik Berglund wins face-off versus Alex Killorn in Harfangs zone.
1:14 of 3rd period - Jonathan Matsumoto is hit by Stephane Da Costa and loses puck.
1:44 of 3rd period - Slava Voynov is hit by Luca Caputi and loses puck.
1:57 of 3rd period - Snap shot by Jonathan Matsumoto.
1:57 of 3rd period - Shot Blocked by Victor Bartley.
2:03 of 3rd period - Wrist shot by Barry Tallackson.
2:03 of 3rd period - Shot Misses the Net.
2:25 of 3rd period - Snap shot by Matt Keith.
2:25 of 3rd period - Shot Blocked by Jonathan Matsumoto.
3:02 of 3rd period - Jonathan Matsumoto is hit by Matt Keith and loses puck.
3:37 of 3rd period - Daniel Tjarnqvist is hit by Alexandre Picard and loses puck.
5:06 of 3rd period - Matt Keith is hit by Slava Voynov and loses puck.
6:18 of 3rd period - Off-side.
6:19 of 3rd period - Patrik Berglund wins face-off versus Alex Killorn in neutral zone.
7:13 of 3rd period - Slapshot by Jarret Stoll.
7:13 of 3rd period - Shot Blocked by James Wisniewski.
7:53 of 3rd period - Wrist shot by Pavel Vorobiev.
7:53 of 3rd period - Deflect By Petri Kontiola.
7:53 of 3rd period - Goal by Petri Kontiola - Monarchs : 4 - Harfangs : 1.
7:54 of 3rd period - Alex Killorn wins face-off versus Patrik Berglund in neutral zone.
8:01 of 3rd period - Slapshot by Stefan Ruzicka.
8:01 of 3rd period - Shot Misses the Net.
8:05 of 3rd period - Backhand shot by Stefan Ruzicka.
8:05 of 3rd period - Stopped by Tyler Beskorowany with a rebound.
8:09 of 3rd period - Backhand shot by Stefan Ruzicka.
8:09 of 3rd period - Shot Misses the Net.
8:24 of 3rd period - Jarret Stoll is hit by Petri Kontiola and loses puck.
9:06 of 3rd period - Snap shot by Pavel Vorobiev.
9:06 of 3rd period - Goal by Pavel Vorobiev - Monarchs : 4 - Harfangs : 2.
9:07 of 3rd period - Patrik Berglund wins face-off versus Alex Killorn in neutral zone.
9:32 of 3rd period - Sasha Pokulok is hit by Jarret Stoll and loses puck.
9:41 of 3rd period - Slapshot by Nick Holden.
9:41 of 3rd period - Stopped by Tyler Beskorowany without a rebound.
9:42 of 3rd period - Jarret Stoll wins face-off versus Alex Killorn in Monarchs zone.
9:53 of 3rd period - Snap shot by Colton Orr.
9:53 of 3rd period - Stopped by Ray Emery with a rebound.
9:55 of 3rd period - Snap shot by Bryan Bickell.
9:55 of 3rd period - Stopped by Ray Emery with a rebound.
10:07 of 3rd period - Kevin Klein is hit by Petri Kontiola and loses puck.
10:47 of 3rd period - Icing by Patrice Cormier.
10:48 of 3rd period - Alex Killorn wins face-off versus Martin Sonnenberg in Monarchs zone.
10:53 of 3rd period - Snap shot by Stefan Ruzicka.
10:53 of 3rd period - Stopped by Tyler Beskorowany with a rebound.
10:55 of 3rd period - Wrist shot by Stefan Ruzicka.
10:55 of 3rd period - Stopped by Tyler Beskorowany with a rebound.
10:57 of 3rd period - Snap shot by Peter Olvecky.
10:57 of 3rd period - Shot Blocked by Kevin Klein.
10:59 of 3rd period - Slapshot by Sasha Pokulok.
10:59 of 3rd period - Shot Blocked by Travis Hamonic.
11:01 of 3rd period - Slapshot by Sasha Pokulok.
11:01 of 3rd period - Stopped by Tyler Beskorowany with a rebound.
11:20 of 3rd period - Colton Orr is hit by Dustin Jeffrey and loses puck.
11:29 of 3rd period - Minor Penalty to Colby Robak for High sticking.
11:30 of 3rd period - Alex Killorn wins face-off versus Patrice Cormier in Monarchs zone.
11:33 of 3rd period - Snap shot by Stefan Ruzicka.
11:33 of 3rd period - Stopped by Tyler Beskorowany with a rebound.
11:35 of 3rd period - Wrist shot by Stefan Ruzicka.
11:35 of 3rd period - Shot Misses the Net.
13:01 of 3rd period - Andrew Orpik is hit by Martin Sonnenberg and loses puck.
13:29 of 3rd period - Penalty to Colby Robak is over, Colby Robak is back on ice.
13:45 of 3rd period - T.J. Oshie is hit by Dustin Jeffrey and loses puck.
15:10 of 3rd period - Minor Penalty to Colton Orr for Delaying the game.
15:11 of 3rd period - Patrice Cormier wins face-off versus Alex Killorn in Monarchs zone.
15:36 of 3rd period - Patrice Cormier is hit by Petri Kontiola and loses puck.
16:11 of 3rd period - James Wisniewski is hit by Martin Sonnenberg and loses puck.
16:38 of 3rd period - Pavel Vorobiev is hit by Chris Clark and loses puck.
17:10 of 3rd period - Penalty to Colton Orr is over, Colton Orr is back on ice.
17:14 of 3rd period - Andrew Orpik is hit by Colton Orr and loses puck.
17:31 of 3rd period - Colby Robak is hit by Alexandre Picard and loses puck.
17:52 of 3rd period - Wrist shot by Boyd Gordon.
17:52 of 3rd period - Stopped by Tyler Beskorowany with a rebound.
19:27 of 3rd period - Minor Penalty to Nick Holden for Holding.
19:28 of 3rd period - Petri Kontiola wins face-off versus Jarret Stoll in Harfangs zone.
19:41 of 3rd period - Snap shot by Chris Clark.
19:41 of 3rd period - Deflect By Bryan Bickell.
19:41 of 3rd period - Stopped by Ray Emery without a rebound.
19:42 of 3rd period - Patrik Berglund wins face-off versus Petri Kontiola in Harfangs zone.
19:49 of 3rd period - Wrist shot by Martin Sonnenberg.
19:49 of 3rd period - Goal by Martin Sonnenberg - Monarchs : 5 - Harfangs : 2.
19:50 of 3rd period - Alex Killorn wins face-off versus Chris Clark in neutral zone.
19:53 of 3rd period - Snap shot by Peter Olvecky.
19:53 of 3rd period - Stopped by Tyler Beskorowany with a rebound.
19:55 of 3rd period - Slapshot by Andrew Orpik.
19:55 of 3rd period - Shot Misses the Net.
19:57 of 3rd period - Slapshot by Alexandre Picard.
19:57 of 3rd period - Stopped by Tyler Beskorowany with a rebound.
19:59 of 3rd period - Slapshot by Alexandre Picard.
19:59 of 3rd period - Stopped by Tyler Beskorowany with a rebound.
Goals for this period are 1 for Monarchs vs 2 for Harfangs.
Shots for this period are 4 for Monarchs vs 12 for Harfangs.
Output by the SimonT Hockey Simulator (STHS) for François Prévost -- Original Page W3C XHTML 1.0 Valid